 Dungeon Crawl Stone Soup version 0.28-a0-938-gbc3f381ebc (webtiles) character file.

Game seed: 17838892369377013579

363 ytrimaz the Insei (level 7, -2/49 HPs)
             Began as a Djinni Transmuter on Nov 28, 2021.
             Slain by a black bear (5 damage)
             ... on level 3 of the Dungeon.
             The game lasted 00:04:26 (3247 turns).

ytrimaz the Insei (Djinni Transmuter)               Turns: 3247, Time: 00:04:27

Health: -2/49      AC:  5    Str:  9    XL:     7   Next: 0%
Gold:   71         EV: 12    Int: 17    God:
                   SH:  3    Dex: 13

rFire   + + .      SeeInvis .     - Unarmed
rCold   x . .      Faith    .   b - +0 buckler
rNeg    . . .      Spirit   .   a - +0 robe
rPois   ∞          Reflect  .   (no helmet)
rElec   .          Harm     .   i - +2 cloak
rCorr   +          Rampage  .   (no gloves)
Will    .....                   (boots unavailable)
Stlth   +.........              (no amulet)
HPRegen 0.16/turn               c - ring of resist corrosion
MPRegen 0.00/turn               (no ring)

@: wereblooded, flying
A: sickness immunity, fire resistance 2, cold vulnerability 1, float, innate
caster, hp casting, extra vitality 1
a: no special abilities


You were on level 3 of the Dungeon.
You visited 1 branch of the dungeon, and saw 3 of its levels.

You collected 71 gold pieces.

Inventory:

Armour
 a - a +0 robe (worn)
 b - a +0 buckler (worn)
 i - a +2 cloak (worn)
Jewellery
 c - a ring of resist corrosion (left hand)
Scrolls
 h - a scroll of teleportation
 j - a scroll of enchant armour
 l - a scroll of identify
Potions
 e - 2 potions of cancellation
 g - a potion of invisibility


   Skills:
 + Level 2.0 Fighting
 + Level 3.3 Dodging
 + Level 4.7 Unarmed Combat
 + Level 3.7 Spellcasting


You couldn't memorise any spells.
You knew the following spells:

 Your Spells              Type           Power      Damage    Failure   Level
a - Beastly Appendage     Tmut           32%        N/A       6%          1
b - Wereblood             Tmut           16%        N/A       9%          2
c - Spider Form           Tmut/Pois      16%        N/A       17%         3
d - Ice Form              Ice/Tmut       16%        N/A       50%         4
e - Shock                 Conj/Air       64%        1d7       6%          1
f - Static Discharge      Conj/Air       16%        N/A       9%          2
g - Searing Ray           Conj           32%        2d5       9%          2
Your spell library was empty.

Dungeon Overview and Level Annotations

Branches:
Dungeon (3/15)

Altars:


Innate Abilities, Weirdness & Mutations

You are immune to sickness and miasma.
You are immune to poison.
Your flesh is very heat resistant. (rF++)
You are vulnerable to cold. (rC-)
You float through the air rather than walking.
You learn spells naturally, not from books.
Your magical power is your life essence.
You have superior vitality. (+4 HP)


Message History

The zap hits the black bear but does no damage.
The black bear is moderately wounded.
Casting: Shock (safe; 6% risk of failure)
Confirm with . or Enter, or press ? or * to list all spells.
Aiming: Searing Ray (safe; 9% risk of failure)
Press: ? - help, Shift-Dir - straight line, f/p - black bear
Aim: a black bear (moderately wounded, 84% to hit)
The searing ray hits the black bear.
The black bear is moderately wounded. (Press . to maintain the ray.)
The searing ray hits the black bear.
The black bear is heavily wounded.
The searing ray hits the black bear!
The black bear is severely wounded.
The black bear goes berserk!
The searing ray hits the black bear!
The black bear is almost dead.
You finish channelling your searing ray.
The black bear bites you! The black bear barely misses you.
The black bear claws you. The black bear bites you!
The black bear barely misses you.
The black bear claws you but does no damage.
The black bear bites you. The black bear claws you. x2
The black bear completely misses you. The black bear claws you. x2
* * * LOW HITPOINT WARNING * * *
Unknown command.
The black bear bites you.
* * * LOW HITPOINT WARNING * * *
The black bear claws you but does no damage.
The black bear claws you.
* * * LOW HITPOINT WARNING * * *
Casting: Searing Ray (safe; 9% risk of failure)
Confirm with . or Enter, or press ? or * to list all spells.
Okay, then.
Casting: Searing Ray (safe; 9% risk of failure)
Confirm with . or Enter, or press ? or * to list all spells.
Your blood is infused with primal strength.
* * * LOW HITPOINT WARNING * * *
The black bear bites you.
You die...

##.##.##.####
#.###.......#
####.##.##.##..
#............##
#.####...###.##
######.# ##.## #...
##......# #.)......
#.#####...#########
#######
......)..h@.......
#.#####...########
##.## #.# # #.# .
#.# . #.# . #.# . .


You could see a black bear (berserk).

Vanquished Creatures
  Grinder (D:3)
  A scorpion (D:3)
  Terence (D:2)
  3 gnolls (D:2)
  An adder (D:2)
  A dart slug (D:1)
  3 orcs (D:3)
  3 ball pythons
  5 bats
  4 endoplasms
  A giant cockroach (D:1)
  3 goblins
  2 hobgoblins
  3 jackals (D:3)
  3 kobolds
  3 quokkas
  6 frilled lizards
  7 rats
51 creatures vanquished.

Notes
Turn   | Place    | Note
-------+----------+-------------------------------------------
     0 | D:1      | ytrimaz the Djinni Transmuter began the quest for the Orb.
     0 | D:1      | Reached XP level 1. HP: 17/17 MP: 0/0
   336 | D:1      | Reached XP level 2. HP: 21/22 MP: 0/0
  1578 | D:2      | Reached XP level 3. HP: 26/27 MP: 0/0
  1578 | D:2      | Learned a level 1 spell: Shock
  1784 | D:2      | Noticed Terence
  2064 | D:2      | Reached XP level 4. HP: 27/32 MP: 0/0
  2566 | D:2      | Killed Terence
  2567 | D:2      | Reached skill level 4 in Unarmed Combat
  2567 | D:2      | Reached XP level 5. HP: 12/37 MP: 0/0
  2567 | D:2      | Learned a level 2 spell: Static Discharge
  2926 | D:3      | Noticed Grinder
  2954 | D:3      | Killed Grinder
  2955 | D:3      | Reached XP level 6. HP: 25/43 MP: 0/0
  3231 | D:3      | Reached XP level 7. HP: 45/49 MP: 0/0
  3231 | D:3      | Learned a level 2 spell: Searing Ray
  3247 | D:3      | Slain by a black bear

Illustrated notes

Levels and vault maps discovered:
D:1:      minmay_arrival_floating_metal, layout_basic, minmay_octomino_e4
D:2:      layout_rooms, uniq_terence
D:3:      layout_loops_ring, serial_shops, nicolae_shop_waterfront,
          nicolae_shop_crystal, chequers_serial_rivers_micro_d, uniq_grinder

Skill      XL: |  1  2  3  4  5 |
---------------+----------------+-----
Spellcasting   | 2 3 |  3.7
Unarmed Combat | 4 |  4.7
Dodging        | 3 |  3.3
Fighting       | 2 |  2.0

Action                   |  1- 3 |  4- 6 |  7- 9 || total
-------------------------+-------+-------+-------++-------
Melee: Unarmed           |    71 |    21 |       ||    92
       Headbutt          |     3 |     3 |       ||     6
       Punch             |       |     1 |       ||     1
 Cast: Beastly Appendage |    14 |     1 |       ||    15
       Wereblood         |     1 |       |     1 ||     2
       Shock             |    28 |    34 |     2 ||    64
       Static Discharge  |       |     9 |       ||     9
       Searing Ray       |       |       |     1 ||     1
  Use: Scroll            |     2 |     2 |       ||     4
       Potion            |       |     5 |       ||     5
Armor: Robe              |    18 |     9 |     2 ||    29
       Skin              |       |     5 |       ||     5
Dodge: Dodged            |    71 |    26 |     3 ||   100

Table legend: (Time is in decaauts)
 A = Elapsed time spent in this place.
 B = Non-inter-level travel time spent in this place.
 C = Inter-level travel time spent in this place.
 D = Time resting spent in this place.
 E = Time spent auto-exploring this place.
 F = Levels seen in this place.
 G = Mean time per level.
                   A        B        C        D        E       F      G
               +--------+--------+--------+--------+--------+-----+--------+
         Total |   3240 |   3163 |     77 |    247 |   2469 |   3 | 1080.0 |
       Dungeon |   3240 |   3163 |     77 |    247 |   2469 |   3 | 1080.0 |
               +--------+--------+--------+--------+--------+-----+--------+

Top non-repeatable levels by time:
     D:1: 1692 daAuts
     D:2: 1227 daAuts
     D:3: 320 daAuts
